 Dungeon Crawl Stone Soup version 0.29.0-4-gdea44cf6ec (webtiles) character file.

Game seed: 5768498645968391994

24 qw the Chopper (level 2, -1/26 HPs)
             Began as a Minotaur Berserker on Sept 4, 2022.
             Was a Follower of Trog.
             Succumbed to their own poison gas
             ... on level 1 of the Dungeon.
             The game lasted 00:00:19 (852 turns).

qw the Chopper (Minotaur Berserker)                  Turns: 852, Time: 00:00:20

Health: -1/26      AC:  8    Str: 21    XL:     2   Next: 79%
Magic:  1/1        EV:  8    Int:  4    God:    Trog [*.....]
Gold:   60         SH:  0    Dex:  9    Spells: 1/1 levels left

rFire   . . .      SeeInvis .   Y - +0 hand axe
rCold   . . .      Faith    .   (no shield)
rNeg    . . .      Spirit   .   d - +0 chain mail
rPois   .          Reflect  .   (helmet restricted)
rElec   .          Harm     .   (no cloak)
rCorr   .          Rampage  .   (no gloves)
Will    .....                   (no boots)
Stlth   ..........              (no amulet)
HPRegen 0.08/turn               (no ring)
MPRegen 0.07/turn               (no ring)

@: lethally poisoned (-1 -> -9)
A: horns 2, retaliatory headbutt
a: Renounce Religion, Berserk


You were on level 1 of the Dungeon.
You worshipped Trog.
Trog was aware of your devotion.
You visited 1 branch of the dungeon, and saw 1 of its levels.

You collected 60 gold pieces.


Innate Abilities, Weirdness & Mutations

You have a pair of horns on your head.
You reflexively headbutt those who attack you in melee.


   Skills:
 - Level 3.6 Fighting
 + Level 5.0 Axes
 - Level 2.4 Armour
 - Level 2.1 Dodging


You had one spell level left.
You didn't know any spells.
Your spell library was empty.

Inventory:

Hand Weapons
 g - a +0 mace
 Y - a +0 hand axe (weapon)
Armour
 d - a +0 chain mail (worn)
Jewellery
 h - a ring of ice
Potions
 c - a potion of mutation {unknown}
 f - a potion of attraction {unknown}
 i - a potion of cancellation {unknown}

Dungeon Overview and Level Annotations

Branches:
Dungeon (1/15)

Altars:


Message History

You kill the ball python!
Trog accepts your kill.
Your Axes skill increases to level 5!
You see here a ball python corpse.
Done exploring.
Done exploring.
835 ||| UPGRADING to +0 chain mail.
You start removing your armour.
You continue taking off your +0 animal skin. x4
You finish taking off your +0 animal skin.
You start putting on your armour.
You continue putting on your +0 chain mail. x5
You finish putting on your +0 chain mail.
845 ||| DROPPING +0 animal skin.
You drop a +0 animal skin.
Done exploring.
846 ||| READING scroll labelled KAPNUL WACOPY.
The air fills with toxic fumes!
As you read the scroll labelled KAPNUL WACOPY, it crumbles to dust.
It was a scroll of poison.
Done exploring.
(D) Dungeon
Where to? (* - list waypoints, ? - help)
What level of the Dungeon? (default 1, ? - help) Sorry, I don't know how to get there.
Done exploring.
847 ||| Stepping randomly (stuck).
Really walk into that cloud of poison gas?
You are engulfed in poison gas.
You are poisoned.
You feel very sick.
848 ||| Stepping ~*~*~tactically~*~*~ (cloud).
You feel very sick.
You see here a +0 animal skin.
There is a lethal amount of poison in your body!
You feel very sick.
There is a lethal amount of poison in your body!
You feel very sick.
There is a lethal amount of poison in your body!
You feel sick.
There is a lethal amount of poison in your body!
You die...

#...............#..# #...#######
#...#.......#...#.## #.#......##
#..###.....###....# #.######.##
#...#.......#....## #.# #...
#................#####0# ##..
#.....########...¤#0¤¤.# #####..
##.##.#######...##0¤¤######......
.#.##....¤##¤¤###¤0¤¤¤¤¤....###..
.#.####..¤¤¤0¤¤¤@¤¤0¤¤#..######..
.#.####.###..##¤¤¤######.....####
.#.#....# ##.##¤### #####..###
.....######...¤0# ##.#.. .#.###
#.....¤00##### #...# >#.#
##.#..###¤....# ####....
.#.####....## #####.######.......
.#.#.....### #.........)..#####
.#.#.....#######.........####


There were no monsters in sight!

Vanquished Creatures
  A dart slug (D:1)
  2 endoplasms (D:1)
  2 giant cockroaches (D:1)
  5 goblins (D:1)
  A hobgoblin (D:1)
  A kobold (D:1)
  A quokka (D:1)
  3 ball pythons (D:1)
  A frilled lizard (D:1)
  2 rats (D:1)
19 creatures vanquished.

Notes
Turn   | Place    | Note
-------+----------+-------------------------------------------
     0 | D:1      | qw the Minotaur Berserker began the quest for the Orb.
     0 | D:1      | Reached XP level 1. HP: 19/19 MP: 0/0
     0 | D:1      | 0 ||| qw: Version: 0.1-a-103-gd6f5d3a
     0 | D:1      | 0 ||| qw: Game counter: 5463
     0 | D:1      | 0 ||| qw: Always use a shield: true
     0 | D:1      | 0 ||| qw: Do Orc after D:15 true
     0 | D:1      | 0 ||| qw: Do second Lair branch before Depths: true
     0 | D:1      | 0 ||| qw: Lair rune preference: random
     0 | D:1      | 0 ||| qw: Plans: Normal
     0 | D:1      | 0 ||| PLANNING D:1-11
    56 | D:1      | 56 ||| Stepping ~*~*~tactically~*~*~ (stealth).
   118 | D:1      | Reached skill level 4 in Axes
   217 | D:1      | 217 ||| DROPPING +0 club.
   230 | D:1      | Found a faded altar of an unknown god.
   239 | D:1      | Reached XP level 2. HP: 23/26 MP: 1/1
   498 | D:1      | 498 ||| Stepping ~*~*~tactically~*~*~ (hiding).
   771 | D:1      | Reached skill level 5 in Axes
   835 | D:1      | 835 ||| UPGRADING to +0 chain mail.
   845 | D:1      | 845 ||| DROPPING +0 animal skin.
   846 | D:1      | 846 ||| READING scroll labelled KAPNUL WACOPY.
   847 | D:1      | 847 ||| Stepping randomly (stuck).
   848 | D:1      | 848 ||| Stepping ~*~*~tactically~*~*~ (cloud).
   849 | D:1      | HP: 5/26 [poisoned by you (poison gas)]
   850 | D:1      | HP: 2/26 [poisoned by you (poison gas)]
   852 | D:1      | Succumbed to their own poison gas

Levels and vault maps discovered:
D:1:      minmay_arrival_five_plusses, layout_rooms, basic_ecumenical_altar,
          minmay_tree_intersection

Skill      XL: |  1  2 |
---------------+-------+-----
Axes           | 4 5 |  5.0
Fighting       | |  3.6
Armour         | |  2.4
Dodging        | |  2.1

Action                   || total
-------------------------++-------
Melee: Hand axe          ||    45
       Headbutt          ||     5
  Use: Scroll            ||     1
Armor: Animal skin       ||     5
Dodge: Dodged            ||    19

Table legend:
 A = Non-vault XP
 B = Vault XP
 C = Vault XP percentage of total XP
 D = Non-vault monster count
 E = Vault monster count
 F = Vault count percentage of total count
                 A         B        C        D         E       F
            +---------+---------+-------+---------+---------+-------
      Total |      35 |       0 |   0.0 |      19 |       0 |   0.0
            +---------+---------+-------+---------+---------+-------
        D:1 |      35 |       0 |   0.0 |      19 |       0 |   0.0
            +---------+---------+-------+---------+---------+-------
